Warning! The script has encountered some errors when parsing the replay. Please report them to the . » details
0x00, prev: 0x16: 16 02 01 00 17 2F 00 00 81 5E 00 00 [00] 00 00 00 00 00 00 00 00 00 00 00 00 00 00 00 00 00 00 00 00 00 00 00 01 00
0x00, prev: 0x00: 16 02 01 00 17 2F 00 00 81 5E 00 00 00 00 00 00 00 00 00 00 00 00 00 00 00 00 00 00 00 00 00 00 00 00 [00] 00 01 00
0x00, prev: 0x01: 16 02 01 00 17 2F 00 00 81 5E 00 00 00 00 00 00 00 00 00 00 00 00 00 00 00 00 00 00 00 00 00 00 00 00 00 00 01 [00]
General information
- name: BNet
- type: Ladder 1vs1/FFA
- host: Battle.net
- saver: CawCawCawCawCaw
map: TerenasStand
- players: 2
- length: 21:46
- speed: Fast
- version: 1.23 W3XP
- replay type: Public
» download(76 KB)
Players
team 1 (loser)
Dr.Headshot (
teal | 229 APM | 2211 actions | 09:38)
3 Blademaster
2 Wind Walk
1 Critical Strike
2 Shadow Hunter
1 Hex
1 Healing Wave
» actions
| Assign group hotkey | 110 | |
| Build / train | 73 | |
| Enter build submenu | 25 | |
| Enter hero's abilities submenu | 6 | |
| Give item / drop item | 3 | |
| Right click | 981 | |
| Select / deselect | 537 | |
| Select group hotkey | 333 | |
| Use ability | 143 | |
2211 total
» units
| Peon | 20 | |
| Grunt | 6 | |
| Raider | 6 | |
| Demolisher | 8 | |
| Troll Witch Doctor | 2 | |
42 total
» upgrades
| Berserker Strength | 1 | |
| Ensnare | 1 | |
| Pillage | 1 | |
| Reinforced Defenses | 1 | |
| Burning Oil | 1 | |
5 total
» buildings
| Altar of Storms | 1 | |
| Orc Burrow | 5 | |
| Barracks | 1 | |
| Voodoo Lounge | 2 | |
| Stronghold | 2 | |
| War Mill | 1 | |
| Watch Tower | 6 | |
| Beastiary | 2 | |
| Fortress | 1 | |
| Great Hall | 1 | |
| Spirit Lodge | 1 | |
23 total
» build order
00:08 Altar of Storms
00:19 Orc Burrow
00:36 Barracks
01:28 Orc Burrow
01:51 Voodoo Lounge
03:32 Orc Burrow
03:53 Stronghold
03:53 Stronghold
04:46 War Mill
06:00 Watch Tower
06:02 Watch Tower
07:25 Beastiary
07:53 Beastiary
08:25 Orc Burrow
09:38 Watch Tower
» items
| Healing Salve | 4 | |
| Lesser Clarity Potion | 3 | |
| Boots of Speed | 1 | |
| Staff of Teleportation | 1 | |
| Orb of Lightning | 1 | |
| Scroll of Speed | 1 | |
| Scroll of Town Portal | 1 | |
| Potion of Healing | 1 | |
13 total
team 2 (winner)

»
CawCawCawCawCaw (
purple | 156 APM | 1504 actions | 09:38)
3 Archmage
2 Blizzard
1 Brilliance Aura
» actions
| Assign group hotkey | 35 | |
| Basic commands | 53 | |
| Build / train | 102 | |
| ESC pressed | 5 | |
| Enter build submenu | 45 | |
| Enter hero's abilities submenu | 3 | |
| Give item / drop item | 4 | |
| Right click | 539 | |
| Select / deselect | 292 | |
| Select group hotkey | 288 | |
| Use ability | 138 | |
1504 total
» units
| Peasant | 24 | |
| Goblin Shredder | 2 | |
| Goblin Zeppelin | 3 | |
| Mortar Team | 18 | |
| Sorceress | 6 | |
53 total
» upgrades
| Masonry | 3 | |
| Gunpowder | 3 | |
| Magic Sentry | 1 | |
| Sorceress Training | 2 | |
| Fragmentation Shards | 1 | |
10 total
» buildings
| Altar of Kings | 1 | |
| Farm | 13 | |
| Lumber Mill | 2 | |
| Scout Tower | 21 | |
| Arcane Tower | 1 | |
| Arcane Vault | 2 | |
| Guard Tower | 15 | |
| Keep | 1 | |
| Blacksmith | 1 | |
| Arcane Sanctum | 3 | |
| Workshop | 3 | |
| Town Hall | 1 | |
| Castle | 2 | |
66 total
» build order
00:06 Altar of Kings
00:09 Farm
00:19 Lumber Mill
00:36 Scout Tower
01:04 Farm
01:13 Arcane Tower
01:34 Arcane Vault
01:46 Scout Tower
02:27 Guard Tower
02:29 Scout Tower
03:23 Keep
03:32 Guard Tower
03:35 Scout Tower
03:38 Scout Tower
04:11 Guard Tower
04:12 Guard Tower
04:15 Blacksmith
06:05 Arcane Sanctum
06:09 Workshop
06:56 Town Hall
06:58 Scout Tower
06:58 Scout Tower
06:59 Scout Tower
06:59 Scout Tower
07:00 Scout Tower
07:00 Scout Tower
07:58 Lumber Mill
08:25 Farm
08:39 Guard Tower
09:14 Guard Tower
09:28 Scout Tower
09:30 Scout Tower
09:31 Scout Tower
09:38 Arcane Vault
» items
| Boots of Speed | 1 | |
| Staff of Teleportation | 1 | |
| Scroll of Town Portal | 5 | |
| Potion of Invisibility | 1 | |
| Lesser Clarity Potion | 1 | |
| Scroll of Regeneration | 3 | |
| Ivory Tower | 3 | |
| Staff of Sanctuary | 1 | |
16 total
Chat log
(00:31 / All) Dr.Headshot: score?
(00:38 / All) CawCawCawCawCaw: 0-1
(00:40 / All) CawCawCawCawCaw: same as u
(00:51 / All) Dr.Headshot: zzz lame
(00:56 / All) CawCawCawCawCaw: tahts how tourney works...
(04:18 / All) Dr.Headshot: stop playing like a fagget
(04:29 / All) CawCawCawCawCaw: [v]ake [v]e
(07:17 / All) Dr.Headshot: FUCK OFFF
(07:18 / All) Dr.Headshot: FAGGET
(09:38 / All) Dr.Headshot: u are the biGEST FAGGET EVER